Map: Dusk Towers

Players

Merlin

  • Race: Zerg Zerg
  • League: Master

Miszu - Winner!

  • Race: Terran Terran
  • League: Master

VOD

Have the link to the VOD?

Description

Time

  • Played on: May 2, 2016, 3:03 p.m.
  • Length: 25:58
Show
View Real Time Build Order
Export as new Build Order

Merlin Zerg 

Build Orders: Hatch First 

Get SALT Encoding   

  12  0:01  Drone  
  13  0:08  Drone  
  14  0:17  Overlord  
  14  0:29  Extractor, Drone  
  15  0:37  Drone x2  
  17  0:53  Hatchery  
  17  0:56  Drone  
  17  1:00  Drone  
  18  1:13  Spawning Pool  
  18  1:17  Drone  
  18  1:20  Drone  
  19  1:41  Hatchery  
  18  2:00  Queen  
  20  2:04  Queen  
  20  2:06  Zergling x4  
  24  2:09  Drone  
  24  2:11  Zergling x2  
  26  2:19  Overlord  
  26  2:21  Drone  
  27  2:26  Drone  
  28  2:37  Drone  
  28  2:39  Queen  
  28  2:43  Queen  
  33  2:50  Overlord  
  33  2:53  Drone  
  34  3:00  Queen  
  34  3:04  Drone x2  
  38  3:10  Extractor, Drone x2  
  39  3:19  Drone x4  
  44  3:23  Overlord  
  44  3:29  Extractor x2  
  42  3:36  Drone  
  42  3:37  Drone x5  
  48  3:42  Overlord  
  48  3:50  Overlord  
  48  3:57  Drone x2  
  48  3:59  Overlord  
  50  4:03  Drone x5  
  50  4:08  Drone x3  
  58  4:11  Extractor  
  58  4:14  Metabolic Boost  
  57  4:24  Baneling Nest  
  56  4:25  Drone x5  
  61  4:33  Drone x5  
  65  4:45  Zergling x2  
  65  4:46  Zergling x10  
  68  4:54  Lair  
  68  4:56  Spore Crawler  
  67  5:00  Drone  
  67  5:01  Drone x5  
  67  5:05  Overlord  
  67  5:07  Overlord  
  73  5:17  Overlord  
  73  5:19  Extractor  
  73  5:20  Drone  
  73  5:21  Extractor, Drone  
  73  5:24  Drone x4  
  77  5:29  Overlord  
  77  5:30  Overlord  
  77  5:33  Drone x3  
  80  5:35  Evolution Chamber  
  80  5:36  Evolution Chamber  
  78  5:47  Overlord  
  78  5:49  Drone x3  
  82  5:50  Extractor, Drone  
  82  5:54  Zergling x4  
  83  6:09  Overlord, Hatchery  
  82  6:11  Overlord  
  82  6:12  Spire, Zerg Melee Weapons Level 1, Zerg Ground Armor Level 1  
  82  6:14  Drone  
  82  6:18  Zergling x8  
  83  6:19  Zergling x10  
  83  6:22  Hatchery  
  90  6:32  Centrifical Hooks  
  90  6:34  Baneling x4  
  90  6:35  Baneling x3  
  90  6:36  Overlord  
  90  6:37  Zergling x2  
  90  6:38  Zergling x8  
  90  6:39  Zergling x2  
  95  6:49  Overlord  
  95  6:50  Drone x2  
  95  6:51  Overlord, Drone  
  95  6:53  Zergling x6  
  101  6:56  Pneumatized Carapace, Overseer  
  101  6:59  Zergling x8  
  105  7:09  Zergling x6  
  105  7:10  Zergling x6  
  105  7:14  Overlord  
  111  7:19  Zergling x2, Drone  
  111  7:20  Infestation Pit, Zergling x4, Queen  
  116  7:32  Baneling x3  
  116  7:33  Baneling x5  
  116  7:34  Zergling x16  
  124  7:40  Baneling x3  
  124  7:44  Baneling x3  
  106  8:04  Drone x5  
  106  8:05  Drone x4  
  115  8:07  Hive  
  115  8:08  Zerg Ground Armor Level 2, Zerg Melee Weapons Level 2  
  115  8:12  Drone x6  
  121  8:14  Zergling x4  
  121  8:15  Zergling x12  
  129  8:22  Zergling x6  
  129  8:23  Zergling x6  
  129  8:25  Baneling x5  
  129  8:26  Baneling  
  129  8:27  Baneling x2  
  135  8:31  Extractor  
  133  8:34  Baneling x2  
  133  8:35  Zergling x4, Baneling  
  133  8:36  Zergling x12  
  133  8:37  Zergling x4  
  142  8:50  Overlord  
  142  8:52  Zergling x2  
  142  8:53  Zergling x24  
  135  9:03  Zergling x14  
  133  9:20  Overlord  
  133  9:22  Overlord  
  133  9:23  Overlord  
  131  9:26  Ultralisk Cavern  
  131  9:27  Zergling x2  
  131  9:28  Zergling x18  
  131  9:29  Baneling x4  
  131  9:30  Baneling x8  
  139  9:39  Baneling x2  
  139  9:40  Hatchery  
  139  9:41  Baneling  
  139  9:42  Baneling x2  
  139  9:43  Overlord  
  139  9:44  Overseer  
  138  9:45  Overlord  
  138  9:48  Greater Spire  
  138  9:54  Overlord  
  135  10:18  Chitinous Plating  
  135  10:20  Ultralisk x3  
  135  10:21  Ultralisk x4  
  172  10:29  Extractor  
  172  10:35  Drone x3  
  163  10:37  Spore Crawler  
  163  10:38  Spore Crawler  
  163  10:39  Spore Crawler  
  160  10:52  Corruptor x3  
  160  10:53  Corruptor x6  
  173  11:09  Ultralisk  
  175  11:11  Drone x2  
  175  11:12  Drone x6  
  183  11:22  Spore Crawler  
  183  11:23  Spore Crawler  
  174  11:27  Ultralisk x2  
  174  11:29  Zergling x6  
  174  11:30  Zergling x12  
  190  11:40  Hatchery  
  190  11:44  Zergling x12  
  195  11:47  Baneling x3  
  195  11:48  Baneling x2  
  195  11:51  Corruptor  
  197  11:54  Baneling x3  
  197  11:59  Baneling x5  
  197  12:00  Overlord, Baneling  
  194  12:07  Drone x2  
  196  12:11  Corruptor  
  196  12:12  Corruptor  
  136  12:39  Ultralisk x3  
  138  12:58  Ultralisk  
  138  12:59  Nydus Network  
  138  13:00  Ultralisk  
  138  13:01  Extractor  
  138  13:04  Extractor  
  141  13:10  Zerg Melee Weapons Level 3  
  141  13:12  Hatchery  
  140  13:18  Hatchery  
  139  13:28  Ultralisk  
  139  13:29  Ultralisk  
  139  13:32  Drone x2  
  153  13:41  Zergling x2  
  153  13:42  Zergling x34  
  153  13:43  Zergling x2, Ultralisk  
  153  13:48  Zerg Flyer Weapons Level 1  
  178  13:51  Corruptor  
  178  13:52  Corruptor  
  180  14:02  Nydus Canal  
  176  14:16  Nydus Canal  
  176  14:19  Corruptor x5  
  186  14:37  Corruptor x5  
  177  14:53  Drone x8  
  177  14:54  Drone x5  
  188  15:01  Corruptor x2  
  179  15:31  Zergling x2  
  179  15:32  Zergling x22  
  179  15:33  Corruptor x2  
  179  15:34  Corruptor x4  
  197  15:38  Zergling x6  
  200  15:49  Extractor  
  199  15:51  Extractor  
  200  15:58  Brood Lord  
  200  16:01  Baneling  
  200  16:02  Baneling x9  
  200  16:22  Nydus Canal  
  143  16:50  Ultralisk  
  143  16:51  Ultralisk x8  
  185  17:02  Ultralisk x2  
  185  17:07  Zergling x2  
  185  17:08  Zergling x14  
  196  17:18  Nydus Canal  
  193  17:38  Ultralisk  
  199  17:56  Zergling x2  
  200  17:58  Baneling  
  200  17:59  Baneling x8  
  200  18:09  Hatchery  
  199  18:35  Zerg Flyer Weapons Level 2  
  186  18:54  Extractor x2  
  135  19:00  Pathogen Glands  
  135  19:01  Ultralisk x8  
  157  19:05  Zergling x30  
  157  19:06  Zergling x18  
  181  19:14  Extractor x2  
  179  19:25  Overlord  
  179  19:31  Infestor  
  179  19:32  Infestor x3  
  187  19:39  Nydus Canal  
  187  19:46  Ultralisk  
  187  19:47  Zergling x4  
  187  19:48  Zergling x8  
  199  20:12  Baneling x10  
  192  20:33  Zerg Ground Armor Level 3  
  192  20:38  Corruptor  
  192  20:39  Corruptor x2  
  198  20:48  Spore Crawler  
  198  20:49  Spore Crawler  
  196  21:02  Corruptor  
  198  21:05  Spore Crawler  
  198  21:06  Corruptor  
  198  21:11  Zerg Flyer Weapons Level 3  
  199  21:46  Nydus Canal  
  197  22:11  Corruptor x2  
  184  22:55  Corruptor x6  
  184  22:56  Corruptor x5  
  181  23:43  Corruptor x10  
  157  23:51  Ultralisk x7  
  157  23:52  Ultralisk x4  
  178  23:55  Corruptor  
  178  23:56  Corruptor x3  
  178  23:57  Zergling x2  
  178  23:58  Zergling x28  
  199  24:17  Baneling  
  199  24:18  Baneling x14  
  199  24:37  Corruptor x5  
  199  24:41  Baneling x4  
  119  25:28  Corruptor  
  119  25:29  Corruptor x8  
  119  25:33  Spore Crawler  
Show
View Real Time Build Order
Export as new Build Order

Miszu Terran - Winner!

Build Orders: Reaper Expand, MMM Bio 

Get SALT Encoding   

  12  0:00  SCV  
  13  0:12  SCV  
  14  0:17  Supply Depot  
  14  0:25  SCV  
  15  0:39  SCV  
  15  0:40  Barracks  
  16  0:43  Refinery  
  16  0:51  SCV  
  17  1:03  SCV  
  18  1:15  SCV  
  19  1:27  Orbital Command  
  19  1:28  Reaper  
  20  1:39  Command Center  
  20  1:51  Supply Depot  
  20  1:53  SCV  
  21  2:00  Marine  
  22  2:05  SCV  
  22  2:06  Factory  
  23  2:11  Refinery  
  23  2:18  SCV  
  23  2:22  Barracks Reactor  
  24  2:30  SCV  
  25  2:42  SCV  
  26  2:50  Orbital Command  
  26  2:54  SCV  
  27  2:58  Starport  
  27  2:59  Factory Tech Lab  
  27  3:00  Marine x2  
  29  3:06  SCV  
  30  3:17  Widow Mine  
  30  3:18  SCV x2  
  34  3:26  Marine  
  34  3:27  Marine  
  35  3:30  SCV x2  
  38  3:35  Medivac  
  38  3:39  Command Center  
  38  3:40  Supply Depot  
  40  3:42  SCV  
  40  3:44  SCV  
  42  3:50  Siege Tank  
  46  3:55  SCV  
  46  4:02  Marine x2  
  48  4:03  SCV  
  48  4:08  Medivac  
  51  4:16  SCV x2  
  53  4:17  Barracks x2  
  53  4:21  Supply Depot  
  53  4:24  Refinery  
  53  4:28  SCV x2  
  54  4:34  Supply Depot  
  54  4:43  Siege Tank, SCV  
  58  4:47  Marine  
  56  4:53  SCV  
  56  4:59  SCV  
  59  5:00  Orbital Command  
  59  5:02  Starport Reactor  
  59  5:03  Refinery  
  59  5:04  Barracks Tech Lab  
  58  5:07  Barracks Tech Lab  
  58  5:09  Engineering Bay x2  
  58  5:11  SCV  
  58  5:12  Barracks  
  58  5:13  Barracks  
  59  5:16  SCV  
  58  5:23  Marine x2, SCV  
  58  5:25  Stimpack, Orbital Command  
  62  5:28  SCV  
  62  5:31  Siege Tank  
  62  5:35  SCV  
  66  5:37  Combat Shields  
  66  5:40  Marine, SCV  
  68  5:43  Terran Infantry Weapons Level 1, Terran Infantry Armor Level 1  
  68  5:47  SCV  
  69  5:50  SCV  
  69  5:51  Marine  
  69  5:52  Marine, SCV  
  73  5:59  SCV  
  73  6:03  SCV  
  70  6:04  SCV  
  70  6:09  Barracks Reactor x2, Marine  
  75  6:11  SCV  
  75  6:15  SCV  
  75  6:17  SCV  
  78  6:23  Marine, SCV  
  78  6:25  Armory  
  77  6:28  Marine x2, SCV  
  77  6:29  Marine, SCV  
  77  6:31  Medivac  
  77  6:32  Factory Reactor  
  84  6:33  Supply Depot  
  84  6:35  SCV  
  85  6:42  Supply Depot  
  85  6:49  Supply Depot, Command Center  
  85  6:54  Marine, Medivac, SCV x3  
  85  6:55  Supply Depot, Marauder  
  85  6:57  Concussive Shells  
  93  7:03  Marine x4, Medivac, Marauder  
  93  7:04  Supply Depot, Refinery  
  93  7:06  Refinery  
  101  7:10  Widow Mine x2  
  101  7:11  Marine, SCV x2  
  108  7:16  SCV  
  108  7:17  Marauder  
  111  7:23  Supply Depot, SCV x2  
  111  7:24  Medivac  
  111  7:25  Supply Depot  
  111  7:26  Marine x4, Marauder  
  111  7:28  Marine, SCV  
  111  7:29  Marine  
  124  7:35  SCV  
  125  7:44  Marine x5, SCV x2  
  125  7:46  Marine  
  125  7:47  Marauder  
  118  8:02  Marine  
  118  8:03  Marine x2, Medivac x2, Marauder, Widow Mine  
  126  8:07  Marine x2  
  126  8:10  Marauder, Widow Mine  
  132  8:13  Barracks  
  132  8:15  Marine, Barracks x2  
  132  8:19  Supply Depot  
  133  8:20  Marine x2  
  133  8:23  Supply Depot  
  133  8:24  Marauder  
  137  8:31  Marauder  
  137  8:33  Medivac  
  141  8:36  Marine, Widow Mine  
  141  8:37  Medivac  
  141  8:38  Planetary Fortress  
  146  8:42  Widow Mine  
  146  8:45  Supply Depot, Marauder  
  146  8:48  Supply Depot, Starport  
  150  8:53  Marauder  
  110  9:03  Medivac  
  110  9:04  Marine x9  
  110  9:06  SCV x2  
  110  9:07  Marauder, SCV, Liberator  
  120  9:14  Marine  
  118  9:18  SCV x3  
  118  9:19  SCV  
  118  9:20  Liberator  
  122  9:26  Barracks Tech Lab  
  122  9:30  SCV x2  
  122  9:31  SCV x2  
  128  9:32  Barracks Tech Lab, Liberator  
  132  9:42  SCV x2  
  136  9:50  Liberator  
  136  9:52  Ghost Academy  
  141  10:00  Marine  
  141  10:02  Marine x3  
  141  10:03  Liberator  
  141  10:09  Terran Infantry Weapons Level 2  
  144  10:15  Liberator  
  144  10:18  Marauder  
  148  10:21  Barracks Tech Lab  
  148  10:25  Marine  
  149  10:33  Liberator  
  147  10:46  Ghost x3  
  147  10:47  Ghost x2  
  147  10:48  Liberator  
  160  11:01  Liberator  
  145  11:14  Command Center  
  145  11:15  Ghost x3  
  145  11:16  Marauder, Liberator  
  151  11:29  Marauder  
  151  11:30  Liberator  
  152  11:36  Ghost  
  149  11:43  Ghost  
  149  11:44  Liberator  
  149  11:45  Ghost  
  150  12:05  Ghost  
  130  12:33  Liberator  
  108  12:48  Ghost x2  
  108  12:49  Ghost x3  
  108  12:50  Liberator  
  112  13:02  Liberator  
  112  13:07  Refinery x2  
  115  13:14  SCV x2  
  115  13:15  SCV x2  
  115  13:17  Ghost x3  
  125  13:21  Liberator  
  125  13:24  Marine x5  
  125  13:25  Marine  
  125  13:26  SCV x2  
  137  13:27  SCV x2  
  137  13:33  Liberator  
  138  13:38  SCV  
  138  13:39  SCV x3  
  145  13:47  Ghost  
  147  13:48  Ghost  
  147  13:50  SCV  
  147  13:51  SCV x3  
  147  13:54  Ghost  
  158  13:58  Liberator  
  158  14:00  Missile Turret  
  158  14:03  SCV x4  
  162  14:12  Ghost  
  162  14:13  Ghost  
  162  14:15  SCV x4  
  173  14:27  SCV x4  
  171  14:44  Liberator x3  
  172  14:47  SCV x4  
  176  14:59  SCV x4  
  184  15:11  SCV x4  
  184  15:23  SCV x2  
  184  15:26  Liberator x2  
  185  15:31  Command Center  
  185  15:35  Missile Turret x2  
  185  15:37  Supply Depot x2  
  185  15:44  Medivac  
  193  15:56  Missile Turret  
  193  15:57  Liberator, Missile Turret  
  193  16:02  Sensor Tower  
  193  16:10  Refinery  
  193  16:11  Ghost  
  193  16:12  Refinery  
  193  16:14  Sensor Tower  
  198  16:38  Liberator x2  
  198  16:39  Liberator  
  168  16:51  Ghost x4  
  176  16:54  Ghost  
  187  17:03  Marine  
  182  17:19  Ghost  
  182  17:20  Ghost x3  
  190  17:22  Ghost  
  190  17:27  Supply Depot  
  192  17:48  Ghost x2  
  192  17:49  Planetary Fortress  
  196  17:53  Command Center x2  
  196  17:56  Ghost  
  198  18:09  Missile Turret  
  198  18:11  Missile Turret  
  198  18:15  Missile Turret  
  198  18:19  Missile Turret  
  198  18:21  Missile Turret  
  198  18:23  Personal Cloaking  
  198  18:27  Ghost  
  200  18:44  Liberator x2  
  185  19:00  Ghost x2  
  185  19:01  Ghost  
  197  19:14  Ghost  
  199  19:22  Refinery  
  199  19:24  Refinery  
  199  19:29  Missile Turret  
  199  19:32  Command Center  
  199  19:42  Starport Tech Lab  
  196  19:46  Fusion Core  
  196  19:50  Liberator x2  
  199  20:25  Refinery  
  199  20:28  Command Center  
  199  20:31  Command Center  
  199  20:36  Barracks  
  199  20:37  Barracks  
  199  20:38  Starport  
  199  20:39  Barracks  
  199  20:40  Starport  
  199  20:44  Advanced Ballistics  
  199  20:49  Orbital Command  
  199  20:56  Planetary Fortress  
  199  21:25  SCV  
  200  21:32  Sensor Tower  
  200  21:35  Missile Turret  
  200  21:42  Orbital Command  
  200  21:44  Missile Turret  
  200  21:47  Barracks Tech Lab, Missile Turret  
  200  21:48  Barracks Tech Lab x2  
  200  21:49  Starport Reactor x2  
  200  22:01  Terran Infantry Weapons Level 3  
  200  22:02  Terran Vehicle Weapons Level 1  
  200  22:06  Engineering Bay  
  200  22:08  Engineering Bay  
  197  22:46  Liberator  
  195  23:00  Missile Turret  
  195  23:04  Missile Turret  
  198  23:09  Planetary Fortress  
  198  23:10  Planetary Fortress  
  198  23:25  Missile Turret  
  198  23:29  Refinery, Missile Turret  
  198  23:30  Refinery  
  198  23:39  Liberator  
  198  23:40  Liberator x6  
  198  23:45  Refinery  
  170  24:01  Missile Turret  
  191  24:08  Refinery  
  191  24:22  Liberator x4  
  191  24:38  Hi-Sec Auto Tracking  
  200  24:46  Missile Turret  
  200  25:07  Missile Turret  
  200  25:09  Missile Turret  
  192  25:22  Missile Turret x2  
  192  25:23  Missile Turret  
  192  25:24  Missile Turret  
Tags
 
Add a new tag
Caveats
  • Supply blocks, unpowered buildings, or Contaminate may cause inaccurate times.
  • Supply counts are checked every 10 seconds.